 Dungeon Crawl Stone Soup version 0.26.0-5-gb5863c6483 (webtiles) character file.

Game seed: 6792906160282448935

11437 Jerry the Grappler (level 11, -3/107 HPs)
             Began as a Troll Monk on Jan 10, 2021.
             Slain by a basilisk (6 damage)
             ... while petrified by a basilisk
             ... on level 11 of the Dungeon.
             The game lasted 00:42:56 (9999 turns).

Jerry the Grappler (Troll Monk)                     Turns: 9999, Time: 00:42:56

Health: -3/107     AC:  9    Str: 21    XL:     11   Next: 49%
Magic:  14/14      EV:  1    Int: 15    God:
Gold:   491        SH:  0    Dex: 12    Spells: 12/15 levels left

rFire    + . .     SeeInvis .     - Unarmed
rCold    . . .     Faith    .   (no shield)
rNeg     + + +     Spirit   .   y - +0 steam dragon scales
rPois    ∞         Reflect  .   (helmet restricted)
rElec    .         Harm     .   (no cloak)
rCorr    .         Rampage  .   (gloves unavailable)
Will     .....                  (boots unavailable)
Stlth    +++.......             u - amulet of the acrobat
HPRegen  0.67/turn              a - ring of protection from fire
MPRegen  0.14/turn              B - +6 ring of intelligence

@: petrified, studying Long Blades
A: large, unfitting armour, claws 3, regeneration 1, shaggy fur 1, tough skin 3
a: no special abilities


You were on level 11 of the Dungeon.
You visited 2 branches of the dungeon, and saw 12 of its levels.

You collected 711 gold pieces.
You spent 220 gold pieces at shops.

Inventory:

Missiles
 r - 39 poisoned darts (quivered)
Armour
 y - +0 steam dragon scales (worn)
 E - a +0 robe of the Archmagi
Jewellery
 a - a ring of protection from fire (left claw)
 u - an amulet of the acrobat (around neck)
 B - a +6 ring of intelligence (right claw)
Wands
 n - a wand of enslavement (9)
 q - a wand of flame (19)
 C - a wand of polymorph (8)
Scrolls
 c - 5 scrolls of enchant armour
 e - a scroll of teleportation
 h - 2 scrolls of immolation
 j - 4 scrolls of identify
 l - a scroll of fog
 m - 2 scrolls of blinking
 s - 5 scrolls of remove curse
 F - a scroll of magic mapping
Potions
 d - 2 potions of heal wounds
 f - 6 potions of flight
 g - 3 potions of ambrosia
 i - 2 potions of magic
 k - a potion of lignification
 o - 3 potions of curing
 p - 2 potions of cancellation
 t - 4 potions of degeneration
 v - 3 potions of brilliance
 w - a potion of mutation {unknown}
 x - a potion of attraction {unknown}
 z - a potion of might
 A - a potion of experience {unknown}
Books
 D - a manual of Long Blades


   Skills:
 + Level 6.8 Fighting
 - Level 2.3 Armour
 + Level 6.2 Dodging
 + Level 5.0 Stealth
 + Level 10.7 Unarmed Combat
 + Level 2.8 Spellcasting
 - Level 4.0 Hexes


You had 12 spell levels left.
You knew the following spells:

 Your Spells              Type           Power        Failure   Level
a - Confusing Touch       Hex            14%          12%         3

Your spell library contained the following spells:

 Spells                   Type           Power        Failure   Level
 Corona                   Hex            15%          3%          1
 Slow                     Hex            14%          6%          2
 Tukima's Dance           Hex            14%          12%         3
 Ensorcelled Hibernation  Hex/Ice        16%          14%         2
 Foxfire                  Conj/Fire      8%           21%         1
 Freeze                   Ice            8%           21%         1
 Dazzling Flash           Conj/Hex       16%          26%         3
 Inner Flame              Hex/Fire       8%           26%         3
 Portal Projectile        Hex/Tloc       16%          26%         3
 Cause Fear               Hex            7%           36%         4
 Conjure Flame            Conj/Fire      2%           52%         3
 Frozen Ramparts          Ice            4%           52%         3
 Gell's Gravitas          Tloc           1%           52%         3
 Ozocubu's Armour         Ice            2%           52%         3
 Leda's Liquefaction      Hex/Erth       4%           65%         4
 Hailstorm                Conj/Ice       2%           90%         4
 Petrify                  Tmut/Erth      2%           90%         4
 Sticky Flame             Conj/Fire      2%           90%         4
 Summon Ice Beast         Ice/Summ       2%           90%         4
 Metabolic Englaciation   Hex/Ice        4%           94%         5
 Yara's Violent Unravell  Hex/Tmut       4%           94%         5
 Fireball                 Conj/Fire      1%           99%         5


Dungeon Overview and Level Annotations

Branches:
Dungeon (11/15)            Temple (1/1) D:5            Lair (0/6) D:11
    Orc: D:9-12

Altars:
Ashenzari
Cheibriados
Dithmenos
Elyvilon
Fedhas
Gozag
Hepliaklqana
Kikubaaqudgha
Makhleb
Nemelex Xobeh
Okawaru
Qazlal
Ru
Sif Muna
Trog
Uskayaw
Vehumet
Wu Jian
Xom
Yredelemnul
Zin
The Shining One

Shops:
D:5 :   D:10 *

Portals:
Trove: D:10 (give horn of Geryon)

Annotations:
D:6 2 transporters


Innate Abilities, Weirdness & Mutations

You are too large for most types of armour.
You have claws for hands.
Your natural rate of healing is unusually fast.
You are covered in fur. (AC +1)
You have extremely tough skin. (AC +3)


Message History

The basilisk gazes at you.
You are slowing down.
You closely miss the basilisk.
The basilisk is almost dead.
The basilisk gazes at you.
Your limbs have turned to stone.
The boulder beetle bites you!!
You have turned to stone.
The basilisk bites you. The boulder beetle bites you!!
The boulder beetle bites you! The basilisk bites you!
* * * LOW HITPOINT WARNING * * *
The basilisk gazes at you. You resist with some effort.
The boulder beetle bites you!!
* * * LOW HITPOINT WARNING * * *
The basilisk bites you!
* * * LOW HITPOINT WARNING * * *
The boulder beetle bites you!!
* * * LOW HITPOINT WARNING * * *
The boulder beetle bites you but does no damage.
The basilisk bites you!
You die...

### ###
####.###.#######
#.##..##...#..(#
###.........#...#
.#.....#.......#
.............#.#
....†......#...##+
..#.†#...#####..B#
#.#####.## ###@#
### ##.# #.l.# #
### #####


You could see a boulder beetle and a basilisk.

Vanquished Creatures
  Harold (D:8)
  Erica (D:9)
  2 two-headed ogres
  Pikel (D:8)
  Maggie (D:6)
  2 komodo dragons (D:11)
  2 trolls (D:11)
  A wyvern (D:8)
  Sigmund (D:5)
  Eustachio (D:6)
  4 basilisks (D:11)
  2 steam dragons (D:11)
  Edmund (D:6)
  2 ice beasts
  6 sky beasts
  2 necrophages
  6 orc warriors
  An eye of draining (D:11)
  4 phantoms
  5 ogres
  6 centaurs
  6 bullfrogs
  2 gnoll sergeants
  2 scorpions
  21 killer bees
  8 wights
  2 howler monkeys
  A quasit (D:10)
  A bullfrog skeleton (D:9)
  5 orc priests
  3 hounds
  A jelly (D:10)
  8 orc wizards
  A centaur skeleton (D:7)
  3 iguanas
  Ijyb (D:3)
  4 worker ants
  A killer bee zombie (D:7)
  A hound zombie (D:6)
  2 hound skeletons
  10 gnolls
  A worker ant zombie (D:6)
  2 howler monkey skeletons
  11 adders
  2 shadow imps
  2 white imps (D:7)
  An ufetubus (D:6)
  An adder skeleton (D:6)
  An adder zombie (D:5)
  2 worms
  A dart slug (D:3)
  5 leopard geckos
  38 orcs
  6 giant cockroaches
  14 goblins
  6 hobgoblins
  25 jackals
  9 kobolds
  6 quokkas
  3 ball pythons
  A ball python skeleton (D:6)
  11 bats
  8 frilled lizards
  A quokka skeleton (D:6)
  7 rats
299 creatures vanquished.

Vanquished Creatures (others)
  A two-headed ogre (D:11)
  A water moccasin (D:11)
  A worker ant (D:11)
  A gnoll (D:11)
  10 plants
14 creatures vanquished.

Grand Total: 313 creatures vanquished

Notes
Turn   | Place    | Note
-------+----------+-------------------------------------------
     0 | D:1      | Jerry the Troll Monk began the quest for the Orb.
     0 | D:1      | Reached XP level 1. HP: 22/22 MP: 0/0
    94 | D:1      | Reached XP level 2. HP: 16/29 MP: 1/1
   976 | D:2      | Reached XP level 3. HP: 36/36 MP: 2/2
  1133 | D:2      | Found a faded altar of an unknown god.
  1279 | D:2      | Reached XP level 4. HP: 44/44 MP: 3/3
  1509 | D:3      | Found a radiant altar of Vehumet.
  1512 | D:3      | Reached skill level 4 in Unarmed Combat
  2021 | D:3      | Reached XP level 5. HP: 42/53 MP: 4/4
  2089 | D:3      | Noticed Ijyb
  2101 | D:3      | Killed Ijyb
  2533 | D:4      | Reached XP level 6. HP: 61/61 MP: 5/5
  2585 | D:4      | Found a sparkling altar of Nemelex Xobeh.
  2585 | D:4      | Found a blossoming altar of Fedhas.
  2590 | D:4      | Found a broken altar of Ashenzari.
  2592 | D:4      | Found a faded altar of an unknown god.
  2593 | D:4      | Found a faded altar of an unknown god.
  2764 | D:4      | Reached skill level 5 in Unarmed Combat
  2971 | D:5      | Entered Level 5 of the Dungeon
  3075 | D:5      | Noticed a sky beast
  3088 | D:5      | Killed a sky beast
  3128 | D:5      | Found a broken altar of Ashenzari.
  3166 | D:5      | Found a staircase to the Ecumenical Temple.
  3178 | D:5      | Noticed Sigmund
  3187 | Temple   | Entered the Ecumenical Temple
  3512 | D:5      | Killed Sigmund
  3513 | D:5      | Reached XP level 7. HP: 68/68 MP: 6/6
  3641 | D:5      | Reached skill level 6 in Unarmed Combat
  3804 | D:5      | Found Ilu Poack's Book Shoppe.
  3812 | D:5      | Bought a book of Misfortune for 220 gold pieces
  3816 | D:5      | Learned a level 3 spell: Confusing Touch
  3864 | D:5      | Found an iron altar of Okawaru.
  3932 | D:5      | Reached XP level 8. HP: 50/78 MP: 7/7
  4172 | D:6      | Noticed Eustachio
  4190 | D:6      | Killed Eustachio
  4191 | D:6      | Reached skill level 1 in Hexes
  4237 | D:6      | Reached skill level 7 in Unarmed Combat
  4283 | D:6      | Found a transporter.
  4286 | D:6      | Found a transporter.
  4341 | D:6      | Noticed Maggie
  4348 | D:6      | Killed Maggie
  4529 | D:6      | Noticed Edmund
  4536 | D:6      | Killed Edmund
  4541 | D:6      | Reached XP level 9. HP: 76/85 MP: 8/8
  4943 | D:7      | Reached skill level 8 in Unarmed Combat
  5208 | D:7      | Reached skill level 5 in Fighting
  5250 | D:7      | Reached skill level 5 in Dodging
  5936 | D:8      | Reached skill level 9 in Unarmed Combat
  5948 | D:8      | Noticed a two-headed ogre
  5958 | D:8      | Killed a two-headed ogre
  5959 | D:8      | Reached XP level 10. HP: 54/96 MP: 9/9
  6114 | D:8      | Noticed Harold
  6121 | D:8      | Found an opulent altar of Gozag.
  6121 | D:8      | Noticed Pikel
  6137 | D:8      | Killed Pikel
  6138 | D:8      | Reached skill level 1 in Spellcasting
  6152 | D:8      | Killed Harold
  6153 | D:8      | Reached skill level 1 in Armour
  6987 | D:9      | Reached skill level 10 in Unarmed Combat
  7692 | D:9      | Noticed Erica
  7723 | D:9      | Killed Erica
  7977 | D:10     | Entered Level 10 of the Dungeon
  7991 | D:10     | Reached XP level 11. HP: 105/105 MP: 13/13
  7995 | D:10     | Found a portal to a secret trove of treasure.
  8136 | D:10     | Noticed a two-headed ogre
  8189 | D:10     | Killed a two-headed ogre
  8447 | D:10     | Found Qumaz's General Store.
  8824 | D:11     | Found a bloodstained altar of Trog.
  9335 | D:11     | Killed a two-headed ogre
  9922 | D:11     | Reached skill level 5 in Stealth
  9972 | D:11     | Found a staircase to the Lair.
  9979 | D:11     | Noticed a boulder beetle
  9998 | D:11     | HP: 2/107 [boulder beetle (9)]
  9999 | D:11     | Slain by a basilisk

Illustrated notes

Levels and vault maps discovered:
D:1:      onia_arrival_mini_maze_b, layout_basic, serial_bayou,
          serial_bayou_pond_b, serial_bayou_pond_c, serial_bayou_pond_e,
          serial_bayou_lagoon_a, minmay_pentomino_s2
D:2:      kennysheep_the_goblin_king, layout_basic,
          chequers_ecumenical_altar_lobes
D:3:      layout_loops_cross, lemuel_altar_in_water, uniq_ijyb
D:4:      layout_gridville, chequers_temple_overflow_minitemple,
          corexii_hall_statues_u, dk_noncrumbling_4
D:5:      layout_basic, okawaru_ov_weapons_minmay, minmay_temple_entry_waves,
          serial_shops, shop, basic_altar, uniq_sigmund
D:6:      gammafunk_steamed_eel, layout_loops_ring, uniq_edmund, uniq_eustachio,
          uniq_maggie
D:7:      layout_basic
D:8:      layout_loops_cross, basic_altar, uniq_pikel, uniq_harold
D:9:      layout_loops_cross, uniq_erica
D:10:     layout_rooms, enter_trove_2, serial_shops, nicolae_shop_stone
D:11:     lemuel_ice_spiral_2, layout_basic, erik_lair_dragon,
          serial_co_window_serial, co_window_paths_a, co_window_corner_a,
          co_window_paths_b, co_window_paths_b, co_window_paths_a,
          co_window_corner_b, co_window_2corner, co_window_broadway_a,
          co_window_paths_d, glass_columns_a, bloody_trog
Temple:   dpeg_five_rooms_temple

Skill      XL: |  1  2  3  4  5  6  7  8  9 10 11 |
---------------+----------------------------------+-----
Unarmed Combat | 4 5 6 7 9 10 | 10.7
Fighting       | 3 4 5 6 |  6.8
Dodging        | 3 4 5 6 |  6.2
Stealth        | 2 3 4 5 |  5.0
Hexes          | 2 3 4 |  4.0
Spellcasting   | 2 |  2.8
Armour         | 2 |  2.3

Action                   |  1- 3 |  4- 6 |  7- 9 | 10-12 || total
-------------------------+-------+-------+-------+-------++-------
Melee: Unarmed           |    97 |   200 |   324 |   443 ||  1064
       Punch             |     4 |     2 |    12 |    21 ||    39
Throw: Dart              |       |     3 |     4 |     1 ||     8
 Cast: Confusing Touch   |       |       |       |     6 ||     6
  Use: Scroll            |       |    13 |       |     8 ||    21
       Potion            |       |     1 |     3 |     4 ||     8
 Stab: Sleeping          |     1 |     4 |     6 |     8 ||    19
       Distracted        |     1 |       |       |       ||     1
Armor: Robe              |    47 |    62 |    21 |       ||   130
       Steam dragon scal |       |       |    60 |   150 ||   210
Dodge: Dodged            |    59 |   116 |   163 |   282 ||   620
